 Dungeon Crawl Stone Soup version 0.14-a0-840-g06343e3 (webtiles) character file.

1202 Malachi the Practitioner (level 8, -5/66 HPs)
             Began as a Lava Orc Healer on Nov 13, 2013.
             Was a Believer of Elyvilon.
             Killed by divine providence
             ... invoked by an orc priest
              (16 damage)
             ... on Level 4 of the Dungeon.
             The game lasted 00:13:42 (5440 turns).

Malachi the Practitioner (Lava Orc Healer)          Turns: 5440, Time: 00:13:42

HP  -5/66        AC 25     Str 17      XL: 8   Next:  3%
MP  18/18        EV  4     Int 12      God: Elyvilon [**....]
Gold 173         SH  0     Dex 10      Spells:  0 memorised,  7 levels left

Res.Fire  : + . .   See Invis. : .   x - +0 orc flail
Res.Cold  : . . .   Warding    : .   q - +2 orc plate armour
Life Prot.: . . .   Conserve   : .   (no shield)
Res.Poison: .       Res.Corr.  : .   p - +2 dwarf helmet
Res.Elec. : .       Clarity    : .   (no cloak)
Sust.Abil.: . .     Spirit.Shd : .   h - +2 pair of gauntlets
Res.Mut.  : .       Stasis     : .   (no boots)
Res.Rott. : .       Flight     : .   (no amulet)
Saprovore : + . .                    (no ring)
                                     (no ring)

@: slightly resistant to hostile enchantments, extremely unstealthy
A: conserve scrolls, saprovore 1
a: Lesser Healing, Lesser Self-Healing, Divine Protection, Purification,
Renounce Religion, Convert to Beogh


You were on level 4 of the Dungeon.
You worshipped Elyvilon.
Elyvilon was pleased with you.
You were not hungry.

You visited 2 branches of the dungeon, and saw 6 of its levels.
You also visited: Sewer.

You collected 173 gold pieces.

Inventory:

Hand weapons
 r - a -1,+1 orcish morningstar
 u - a +1,+1 orcish hand axe of chopping
 x - a +0,+0 orcish flail (weapon)
 H - a +0 blowgun
Missiles
 m - 12 tomahawks
 w - 2 throwing nets (quivered)
 I - 4 poisoned needles
Armour
 h - a +2 pair of gauntlets (worn)
 p - a +2 dwarven helmet (worn)
 q - a +2 orcish plate armour (worn)
 s - a +2 chain mail
Magical devices
 K - a wand of enslavement (9)
Comestibles
 d - 3 meat rations
 i - 11 grapes
 n - an apple
 A - 3 bread rations
 B - a honeycomb
 E - a pear
 G - a beef jerky
Scrolls
 j - 3 scrolls of amnesia
 l - 2 scrolls of remove curse
 o - a scroll of enchant armour {unknown}
 v - 2 scrolls of curse jewellery {unknown}
 y - a scroll of fear {unknown}
 z - 2 scrolls of blinking {unknown}
 D - 3 scrolls of identify {unknown}
 F - a scroll of fog {unknown}
 M - a scroll of magic mapping {unknown}
Jewellery
 k - an uncursed amulet of warding {unknown}
 C - a cursed ring of teleportation {unknown}
Potions
 a - a potion of degeneration {unknown}
 b - 3 potions of curing
 c - 2 potions of heal wounds
 f - a potion of paralysis {unknown}
 g - a potion of restore abilities {unknown}
 t - a potion of speed
Magical staves
 e - an uncursed staff of poison


   Skills:
 + Level 5.1 Fighting
 + Level 5.0 Maces & Flails
 + Level 6.0 Armour
 - Level 1.8 Dodging
 * Level 7.1 Invocations


You had 7 spell levels left.
You didn't know any spells.

Dungeon Overview and Level Annotations

Branches:
Dungeon (5/16)             Temple (1/1) D:4

Altars:
Ashenzari
Elyvilon
Fedhas
Kikubaaqudgha
Makhleb
Nemelex Xobeh
Okawaru
Sif Muna
Vehumet
Xom
Zin
the Shining One


Innate Abilities, Weirdness & Mutations

You have stony skin.
Your flesh is heat resistant.
Your flesh is vulnerable to cold.
Your heat harms attackers.
You bathe your surroundings in blazing heat.
You are too hot to use scrolls.
You are very good at protecting items from fire.
You can tolerate rotten meat.


Message History

A worker ant and 2 orc priests come into view.
The orc priest shouts!
The worker ant twitches its antennae in your direction.
An orc comes into view. It is wielding an orcish dagger.
The orc shouts!
The orc priest calls down the wrath of Beogh upon you.
Something smites you!
The orc priest mumbles some strange prayers to Beogh against you.
Something smites you!
The worker ant bites you but does no damage.
The orc priest invokes the aid of Beogh against you.
Something smites you!
The orc priest calls down the wrath of Beogh upon you.
Something smites you!
The orc priest calls down the wrath of Beogh upon you.
Something smites you!
* * * LOW HITPOINT WARNING * * *
The orc priest invokes the aid of Beogh against you.
Something smites you!
You die...

#.............#####...
#.............##......
#.............##......
#.............##......
#####'#...........#...
########.#.#####.###.##'#
#.........#.# #.###.##.#
#.........#. #.........
#(......a@# #####.##.#
#.........# #.##.#
#....o....# #.##.#
#.........# #.##.#
#.....oo..+ #.##..
#.........# #.####
#....$....# #.#
.........# #.# ........#
#.#


You could see a worker ant, 2 orc priests and an orc.

Vanquished Creatures
  A phantom (D:5)
  3 ogres
  A centaur (D:5)
  A giant slug (Sewer)
  2 crimson imps (D:5)
  A jelly (D:5)
  A hound (D:4)
  3 orc priests
  2 orc wizards
  A worker ant (D:5)
  3 gnolls (D:3)
  8 adders
  A giant mite (D:4)
  A giant gecko (D:4)
  3 oozes
  13 orcs (D:3)
  2 ball pythons (D:4)
  7 bats
  11 goblins
  A grey rat (D:4)
  11 hobgoblins
  9 jackals
  18 kobolds
  2 quokkas (D:2)
  6 giant cockroaches
  3 giant newts
  A jackal zombie (D:5)
  A kobold skeleton (D:4)
  12 rats
129 creatures vanquished.

Notes
Turn   | Place    | Note
--------------------------------------------------------------
     0 | D:1      | Malachi, the Lava Orc Healer, began the quest for the Orb.
     0 | D:1      | Reached XP level 1. HP: 17/17 MP: 2/2
   117 | D:1      | Reached skill level 5 in Invocations
   164 | D:1      | Reached XP level 2. HP: 21/24 MP: 4/4
   777 | D:2      | Found a radiant altar of Vehumet.
   819 | D:2      | Reached XP level 3. HP: 20/29 MP: 6/6
  1125 | D:2      | Found an iron altar of Okawaru.
  1264 | D:2      | Found a shattered altar of Ashenzari.
  1478 | D:2      | Reached skill level 1 in Armour
  1660 | D:2      | Found a white marble altar of Elyvilon.
  1951 | D:3      | Reached XP level 4. HP: 30/37 MP: 8/8
  2088 | D:3      | Reached skill level 1 in Maces & Flails
  2477 | D:3      | Reached XP level 5. HP: 42/42 MP: 10/10
  3181 | D:4      | Noticed an ogre
  3191 | D:3      | Killed an ogre
  3191 | D:3      | Reached skill level 6 in Invocations
  3191 | D:3      | Reached XP level 6. HP: 26/50 MP: 10/13
  3400 | D:4      | Found a glowing drain.
  3423 | Sewer    | Entered a sewer
  3725 | D:4      | Found a staircase to the Ecumenical Temple.
  3905 | Temple   | Entered the Ecumenical Temple
  3989 | D:4      | Noticed an ogre
  4025 | D:4      | Killed an ogre
  4284 | D:5      | Entered Level 5 of the Dungeon
  4486 | D:5      | Reached XP level 7. HP: 57/57 MP: 15/15
  4875 | D:5      | Found a sparkling altar of Nemelex Xobeh.
  4947 | D:5      | Reached skill level 5 in Armour
  5052 | D:5      | Reached skill level 5 in Fighting
  5283 | D:4      | Reached skill level 7 in Invocations
  5319 | D:4      | Reached skill level 5 in Maces & Flails
  5319 | D:4      | Reached XP level 8. HP: 48/66 MP: 18/18
  5440 | D:4      | Killed from afar by an orc priest

Action                   |  1- 3 |  4- 6 |  7- 9 || total
-------------------------+-------+-------+-------++-------
Melee: Whip              |   200 |    27 |       ||   227
       Morningstar       |       |    42 |       ||    42
       Hand axe          |       |     9 |     7 ||    16
       Flail             |       |   162 |   114 ||   276
Invok: Lesser Healing    |       |     2 |       ||     2
Evoke: Wand              |       |       |     1 ||     1
  Use: Scroll            |       |     7 |       ||     7
